 Dungeon Crawl Stone Soup version 0.23.2-1-ga50397a (webtiles) character file.

Game seed: 1941562139432584407

82 esteth the Firebug (level 4, -3/24 HPs)
             Began as a Deep Elf Fire Elementalist on Apr 23, 2019.
             Killed by nerve-wracking pain
             ... invoked by an orc priest
              (13 damage)
             ... on level 3 of the Dungeon.
             The game lasted 00:05:15 (2713 turns).

esteth the Firebug (Deep Elf Fire Elementalist)     Turns: 2713, Time: 00:05:16

Health: -3/24      AC:  3    Str:  5    XL:     4   Next: 21%
Magic:  10/10      EV: 13    Int: 21    God:
Gold:   292        SH:  0    Dex: 15    Spells: 1/9 levels left

rFire    . . .     SeeInvis .   d - +0 club
rCold    . . .     Gourm    .   (no shield)
rNeg     . . .     Faith    .   a - +0 robe
rPois    .         Spirit   .   (no helmet)
rElec    .         Reflect  .   (no cloak)
rCorr    .         Harm     .   (no gloves)
MR       .....                  n - +0 pair of boots
Stlth    ++........             (no amulet)
HPRegen  0.08/turn              (no ring)
MPRegen  0.12/turn              (no ring)

@: no status effects
A: no striking features
a: no special abilities


You were on level 3 of the Dungeon.
You were not hungry.

You visited 1 branch of the dungeon, and saw 3 of its levels.

You collected 292 gold pieces.

Inventory:

Hand Weapons
 d - a +0 club (weapon)
Armour
 a - a +0 robe (worn)
 n - a +0 pair of boots (worn)
Scrolls
 b - 2 scrolls of identify {unknown}
 f - a scroll of remove curse {unknown}
 g - 2 scrolls of enchant weapon {unknown}
 j - a scroll of teleportation {unknown}
 o - a scroll of magic mapping {unknown}
Potions
 e - a potion of curing {unknown}
 h - a potion of brilliance {unknown}
 k - a potion of invisibility {unknown}
 l - a potion of might {unknown}
 m - a potion of degeneration {unknown}
 p - a potion of resistance {unknown}
Comestibles
 c - 5 rations
 i - 4 chunks of flesh


   Skills:
 - Level 2.4 Dodging
 - Level 2.4 Stealth
 - Level 3.0 Spellcasting
 + Level 3.9 Conjurations
 + Level 4.0 Fire Magic


You had one spell level left.
You knew the following spells:

 Your Spells              Type           Power        Failure   Level  Hunger
a - Flame Tongue          Conj/Fire      ###..        2%          1    None
b - Conjure Flame         Conj/Fire      ###.....     8%          3    ###....
c - Sticky Flame          Conj/Fire      ###.....     26%         4    ####...

Your spell library contained the following spells:

 Spells                   Type           Power        Failure   Level  Hunger
 Confusing Touch          Hex            #.....       13%         1    None
 Throw Flame              Conj/Fire      ###...       3%          2    ##.....
 Inner Flame              Hex/Fire       ##......     17%         3    ###....
 Confuse                  Hex            #.......     36%         3    ###....
 Gell's Gravitas          Tloc           #.........   36%         3    ###....
 Fireball                 Conj/Fire      ###.......   56%         5    ######.
 Petrify                  Tmut/Erth      #.......     78%         4    ####...
 Metabolic Englaciation   Hex/Ice        #.........   98%         5    ######.
 Yara's Violent Unravell  Hex/Tmut       #.........   98%         5    ######.


Dungeon Overview and Level Annotations

Branches:
Dungeon (3/15)

Altars:

Annotations:
D:2 exclusion: scorpion


Message History

a cursed -3 short sword; a +0 scale mail; a cursed -3 whip; a +0 ring mail an orc corpse You butcher the orc corpse.
i - 4 chunks of flesh (gained 3)
Items here: )) [[ ÷ a cursed -3 short sword; a +0 scale mail; a cursed -3 whip; a +0 ring mail an orc skeleton
Items here: )) [[ ÷ a cursed -3 short sword; a +0 scale mail; a cursed -3 whip; a +0 ring mail an orc skeleton You see here a cursed +0 club.
The orc priest is too close now for your liking.
The orc priest shouts!
The orc priest invokes the aid of Beogh against you.
Beogh smites you!
Ouch! That really hurt!
The orc priest invokes the aid of Beogh against you.
Pain shoots through your body!
Ouch! That really hurt!
You die...

######.####...##.##.#
#.....# ........#
##.###.##.# #.#####
######..# #.# #.##.#
#.#
######..####.###.##.#
#.#
.................##.#
#.#
#######)###########.#
#.# #.# #.# #.#
#.###########o# #.#
#.........@...# #.#
####..###########.# #
### #..# #........# .
..# #..# #.######## #
#.# #..# #.# #.# #..#
#.# ###.######..# #.#
.....<..##..# #.#
###.###.##..# #.#


You could see an orc priest.

Vanquished Creatures
  3 adders
  A worm (D:2)
  A dart slug (D:2)
  A leopard gecko (D:3)
  2 orcs (D:3)
  A ball python (D:1)
  3 bats
  3 giant cockroaches
  7 goblins
  4 hobgoblins
  11 jackals
  A quokka (D:3)
  A kobold (D:2)
  2 rats (D:2)
41 creatures vanquished.

Vanquished Creatures (others)
  3 toadstools (D:2)
3 creatures vanquished.

Grand Total: 44 creatures vanquished

Notes
Turn   | Place    | Note
-------+----------+-------------------------------------------
     0 | D:1      | esteth the Deep Elf Fire Elementalist began the quest for
                  | the Orb.
     0 | D:1      | Reached XP level 1. HP: 10/10 MP: 6/6
  1017 | D:2      | Reached XP level 2. HP: 6/15 MP: 4/8
  1233 | D:2      | Noticed a scorpion
  1555 | D:2      | Reached XP level 3. HP: 14/19 MP: 5/9
  1630 | D:2      | Learned a level 3 spell: Conjure Flame
  2502 | D:3      | Reached XP level 4. HP: 24/24 MP: 8/10
  2524 | D:3      | Learned a level 4 spell: Sticky Flame
  2637 | D:3      | Reached skill level 4 in Fire Magic
  2713 | D:3      | Killed from afar by an orc priest

Skill      XL: |  1  2  3  4 |
---------------+-------------+-----
Conjurations   | 2 3 |  3.9
Fire Magic     | 4 |  4.0
Dodging        | |  2.4
Stealth        | |  2.4
Spellcasting   | |  3.0

Action                   |  1- 3 |  4- 6 || total
-------------------------+-------+-------++-------
Melee: Club              |     1 |       ||     1
 Cast: Flame Tongue      |    61 |    11 ||    72
       Conjure Flame     |     1 |       ||     1
  Eat: Chunk             |     5 |       ||     5
Armor: Robe              |     2 |       ||     2
Dodge: Dodged            |    17 |     2 ||    19
